 Dungeon Crawl Stone Soup version 0.30.1-3-gfc49f6343a (webtiles) character file.

Game seed: 12503265703082775351

149 javelincjr the Trooper (level 5, -4/42 HPs)
             Began as a Demonspawn Fighter on July 21, 2023.
             Killed from afar by Ijyb (5 damage)
             ... with a puff of flame
             ... on level 3 of the Dungeon.
             The game lasted 00:04:48 (2040 turns).

javelincjr the Trooper (Demonspawn Fighter)         Turns: 2040, Time: 00:04:55

Health: -4/42      AC:  8    Str: 22    XL:     5   Next: 9%
Magic:  0/5        EV:  9    Int:  8    God:
Gold:   207        SH:  4    Dex: 12    Spells: 4/4 levels left

rFire   . . .        a - +0 war axe
rCold   . . .        c - +0 buckler
rNeg    . . .        b - +0 scale mail
rPois   .            (no helmet)
rElec   .            i - +0 cloak
rCorr   .            (no gloves)
SInv    .            (no boots)
Will    .....        g - amulet of guardian spirit Stlth
                     (no ring)
HPRegen 0.27/turn    (no ring)
MPRegen 0.09/turn

%: guardian spirit
@: lethally poisoned (-4 -> -15)
A: hooves 2, powered by death 1, strong 1, noise suppression
a: no special abilities


You were on level 3 of the Dungeon.
You visited 1 branch of the dungeon, and saw 3 of its levels.

You collected 207 gold pieces.

Inventory:

Hand Weapons
 a - a +0 war axe (weapon)
 k - a +1 short sword of speed
Armour
 b - a +0 scale mail (worn)
 c - a +0 buckler (worn)
 i - a +0 cloak (worn)
Jewellery
 g - an amulet of guardian spirit (around neck)
Scrolls
 e - 2 scrolls of identify {unknown}
 f - 3 scrolls of blinking {unknown}
 j - 3 scrolls of teleportation {unknown}
 l - a scroll of fear {unknown}
 n - a scroll of noise {unknown}
 q - 2 scrolls of torment {unknown}
 r - a scroll of enchant weapon {unknown}
 s - a scroll of vulnerability {unknown}
Potions
 d - a potion of might
 m - a potion of berserk rage {unknown}
 o - a potion of degeneration {unknown}
 p - a potion of ambrosia {unknown}
 t - a potion of brilliance {unknown}


   Skills:
 * Level 4.0 Fighting
 + Level 1.0 Short Blades
 + Level 2.5 Axes
 * Level 3.5 Armour
 + Level 3.2 Shields


You had 4 spell levels left.
You didn't know any spells.
Your spell library was empty.

Dungeon Overview and Level Annotations

Branches:
Dungeon (3/15)

Altars:

Annotations:
D:3 Ijyb


Innate Abilities, Weirdness & Mutations

You have hoof-like feet.
You regenerate a little health from kills.
Your muscles are strong. (Str +4, Int/Dex -1)
You passively dampen the noise of your surroundings.


Message History

Ijyb hits you with a +2 dagger of venom.
You are poisoned.
The rat barely misses you.
Ijyb hits you with a +2 dagger of venom.
You are more poisoned.
You slash Ijyb! Your kick misses Ijyb.
Ijyb is moderately wounded.
You closely miss the rat.
You feel very sick. The rat barely misses you.
Ijyb hits you with a +2 dagger of venom.
You hit Ijyb.
Ijyb is heavily wounded.
You hit the rat.
You kill the rat!
You feel very sick.
Ijyb zaps a wand.
The puff of flame hits you!
Ijyb hits you with a +2 dagger of venom.
You are more poisoned.
You are too injured to fight recklessly!
Unknown command.
You are too injured to fight recklessly!
You hit Ijyb.
Ijyb is heavily wounded.
You feel very sick.
Ijyb hits you with a +2 dagger of venom.
* * * LOW HITPOINT WARNING * * *
You are more poisoned.
You hit Ijyb. Your kick misses Ijyb.
Ijyb is severely wounded.
* * * LOW HITPOINT WARNING * * *
You feel very sick. Ijyb barely misses you.
It was a potion of mutation.
You feel extremely strange.
You feel stronger.
You feel your surroundings grow quieter.
* * * LOW HITPOINT WARNING * * *
You feel very sick.
Ijyb zaps a wand.
The puff of flame hits you.
You die...

#### ######..##
##..##....#
#...['....####
#....##..##..##
####..###'#'....#
##..#'##...##....#
#?..@##.....##††##
#$.g.#.......##'##
##?.##...8..[##.)####
##+ #......(#....#..
##.....##....'.#
##)).##'#..####
+#'###..####
##..##....#
#...)'....# ##


You could see Ijyb.

Vanquished Creatures
  6 adders
  3 worms
  5 dart slugs
  An orc (D:2)
  3 ball pythons
  4 bats
  11 endoplasms
  2 giant cockroaches
  6 goblins
  3 hobgoblins
  8 jackals (D:2)
  A quokka (D:2)
  2 frilled lizards
  9 kobolds
  4 rats
68 creatures vanquished.

Notes
Turn   | Place    | Note
-------+----------+-------------------------------------------
     0 | D:1      | javelincjr the Demonspawn Fighter began the quest for the
                  | Orb.
     0 | D:1      | Reached XP level 1. HP: 18/18 MP: 1/1
   161 | D:1      | Discovered your monstrous ancestry.
   161 | D:1      | Gained mutation: You have large cloven feet. [demonic
                  | ancestry]
   161 | D:1      | Reached XP level 2. HP: 24/24 MP: 2/2
  1089 | D:2      | Gained mutation: You have hoof-like feet. [demonic
                  | ancestry]
  1089 | D:2      | Reached XP level 3. HP: 29/29 MP: 3/3
  1397 | D:2      | Gained mutation: You regenerate a little health from kills.
                  | [demonic ancestry]
  1397 | D:2      | Reached XP level 4. HP: 33/36 MP: 4/4
  2023 | D:3      | Reached skill level 1 in Short Blades
  2024 | D:3      | Reached skill level 4 in Fighting
  2024 | D:3      | Reached XP level 5. HP: 42/42 MP: 5/5
  2031 | D:3      | Noticed Ijyb
  2040 | D:3      | Gained mutation: Your muscles are strong. (Str +4, Int/Dex
                  | -1) [potion of mutation]
  2040 | D:3      | Gained mutation: You passively dampen the noise of your
                  | surroundings. [potion of mutation]
  2040 | D:3      | HP: 1/42 [poisoned by Ijyb]
  2040 | D:3      | Killed from afar by Ijyb

Illustrated notes

Levels and vault maps discovered:
D:1:      minmay_arrival_solitary_statue, layout_loops_corners,
          minmay_pentomino_t4
D:2:      minmay_chambers_of_ones, layout_loops_ring, minmay_vboxes
D:3:      minmay_bubble_buster, layout_loops_ring, uniq_ijyb

Skill      XL: |  1  2  3  4 |
---------------+-------------+-----
Axes           | 2 |  2.5
Armour         | 3 |  3.5
Shields        | 3 |  3.2
Short Blades   | 1 |  1.0
Fighting       | 4 |  4.0

Action                     |  1- 3 |  4- 6 || total
---------------------------+-------+-------++-------
  Melee: War axe           |    58 |    71 ||   129
         Short sword       |    57 |       ||    57
         Kick              |    22 |    16 ||    38
    Use: Potion            |       |     1 ||     1
 Armour: Scale mail        |    51 |    37 ||    88
  Dodge: Dodged            |    33 |    34 ||    67
  Block: Buckler           |    25 |    13 ||    38
